 Dungeon Crawl Stone Soup version 0.24.0-123-gd5b16e6ec5 (webtiles) character file.

Game seed: 5616060461357302926, levelgen mode: deterministic

1106 brucemayne the Cleaver (level 8, -5/70 HPs)
             Began as a Hill Orc Monk on Jan 26, 2020.
             Was a Believer of the Shining One.
             Slain by a gnoll sergeant
             ... wielding a +0 halberd
              (15 damage)
             ... in a bailey.
             The game lasted 00:10:45 (2445 turns).

brucemayne the Cleaver (Hill Orc Monk)              Turns: 2445, Time: 00:10:46

Health: -5/70      AC:  6    Str: 16    XL:     8   Next: 33%
Magic:  9/11       EV: 10    Int: 10    God:    the Shining One [**....]
Gold:   192        SH: 12    Dex: 13    Spells: 7/7 levels left

rFire    . . .     SeeInvis .   k - +1 war axe
rCold    . . .     Gourm    .   n - +0 buckler
rNeg     + . .     Faith    .   g - +0 scale mail
rPois    .         Spirit   .   (no helmet)
rElec    .         Reflect  .   (no cloak)
rCorr    .         Harm     .   (no gloves)
MR       .....                  (no boots)
Stlth    ..........             (no amulet)
HPRegen  0.21/turn              (no ring)
MPRegen  0.12/turn              (no ring)

@: divine shield, glowing
A: no striking features
a: Divine Shield, Renounce Religion


You were in a bailey.
You worshipped the Shining One.
The Shining One was pleased with you.
You were not hungry.

You visited 2 branches of the dungeon, and saw 9 of its levels.
You also visited: Bailey.

You collected 192 gold pieces.

Inventory:

Hand Weapons
 a - a +0 hand axe
 k - a +1 war axe (weapon)
 y - a +1 trident of flaming
Missiles
 i - 9 poisoned darts
 u - 4 throwing nets (quivered)
Armour
 b - a +0 robe
 g - a +0 scale mail (worn)
 h - a +0 chain mail
 n - a +0 buckler (worn)
Wands
 l - a wand of acid (6)
 x - a wand of scattershot (4)
Scrolls
 e - a scroll of fog
 f - 4 scrolls of remove curse
 j - a scroll of fear
 m - a scroll of enchant weapon
 p - a scroll of magic mapping
 q - a scroll of blinking
 s - a scroll of identify
Potions
 d - 2 potions of flight
 r - 2 potions of heal wounds
 v - a potion of mutation {unknown}
 w - a potion of haste {unknown}
Comestibles
 c - 9 rations
 o - a chunk of flesh


   Skills:
 + Level 6.0 Fighting
 + Level 9.9 Axes
 - Level 2.4 Dodging
 - Level 1.5 Stealth
 - Level 4.0 Shields
 - Level 4.1 Invocations


You had 7 spell levels left.
You didn't know any spells.
Your spell library contained the following spells:

 Spells                   Type           Power        Failure   Level  Hunger
 Beastly Appendage        Tmut           #.....       82%         1    ##.....
 Freeze                   Ice            #...         82%         1    ##.....
 Sticks to Snakes         Tmut           #.......     91%         2    ###....
 Throw Frost              Conj/Ice       #.....       91%         2    ###....
 Ozocubu's Armour         Chrm/Ice       #.......     99%         3    ####...
 Spider Form              Tmut/Pois      #.........   99%         3    ####...
 Ice Form                 Ice/Tmut       #.......     100%        4    #####..
 Summon Ice Beast         Ice/Summ       #.......     100%        4    #####..
 Throw Icicle             Conj/Ice       #.......     100%        4    #####..
 Blade Hands              Tmut           #.........   100%        5    ######.


Dungeon Overview and Level Annotations

Branches:
Dungeon (8/15)             Temple (1/1) D:5          Bailey (1/1)
   Lair: D:8-11

Altars:
Ashenzari
Cheibriados
Dithmenos
Elyvilon
Gozag
Hepliaklqana
Kikubaaqudgha
Makhleb
Okawaru
Qazlal
Ru
Sif Muna
Trog
Uskayaw
Vehumet
Wu Jian
Xom
Yredelemnul
The Shining One


Message History

The gnoll sergeant is splashed with acid!
The acid corrodes the gnoll sergeant!
The gnoll sergeant is heavily wounded.
The bolt of acid hits the gnoll sergeant.
The gnoll sergeant is splashed with acid.
The gnoll sergeant is moderately wounded.
You block the gnoll sergeant's attack. x2
The gnoll hits you from afar with a +0 halberd!
* * * LOW HITPOINT WARNING * * *
Unknown command.
You slash the gnoll sergeant!
The gnoll sergeant is almost dead.
You block the gnoll sergeant's attack. The gnoll sergeant closely misses you.
The gnoll hits you but does no damage.
Unknown command.
You hit the gnoll sergeant.
The gnoll sergeant is almost dead.
You block the gnoll sergeant's attack.
The gnoll sergeant hits you with a +0 halberd!
You die...

### ♣∩♣ ♣@♣
♣♣g♣♣ ♣♣gg.♣♣♣♣
♣♣♣♣.......♣♣
♣♣♣.....†.....♣♣
♣.......÷.......
≈≈≈≈≈≈≈)..≈≈≈≈≈≈
≈...............
................


You could see 2 gnoll sergeants and a gnoll.

Vanquished Creatures
  Menkaure (D:7)
  An ice beast (D:5)
  A centaur (D:5)
  An ogre (D:6)
  A scorpion (D:5)
  3 wights (D:7)
  A howler monkey (D:5)
  2 crimson imps (D:5)
  5 hounds
  2 orc wizards
  Ijyb (D:3)
  2 worker ants
  2 hound zombies
  A worker ant zombie (D:6)
  A howler monkey skeleton (D:6)
  4 adders
  4 gnolls (Bailey)
  An adder zombie (D:6)
  A leopard gecko (D:1)
  13 orcs
  3 bats
  6 goblins
  9 jackals
  2 kobolds (D:3)
  3 quokkas
  A frilled lizard (D:5)
  A leopard gecko skeleton (D:4)
  2 rats
75 creatures vanquished.

Notes
Turn   | Place    | Note
-------+----------+-------------------------------------------
     0 | D:1      | brucemayne the Hill Orc Monk began the quest for the Orb.
     0 | D:1      | Reached XP level 1. HP: 19/19 MP: 1/1
   199 | D:2      | Found an ancient bone altar of Kikubaaqudgha.
   212 | D:2      | Reached XP level 2. HP: 26/26 MP: 2/2
   310 | D:3      | Noticed Ijyb
   376 | D:3      | Killed Ijyb
   376 | D:3      | Reached skill level 5 in Axes
   376 | D:3      | Reached XP level 3. HP: 30/31 MP: 3/3
   460 | D:3      | Reached skill level 6 in Axes
   464 | D:3      | Reached XP level 4. HP: 9/39 MP: 4/4
   741 | D:3      | Found an opulent altar of Gozag.
  1019 | D:4      | Reached skill level 1 in Shields
  1064 | D:4      | Reached skill level 7 in Axes
  1064 | D:4      | Reached XP level 5. HP: 37/45 MP: 5/5
  1067 | D:4      | Found a shadowy altar of Dithmenos.
  1086 | D:5      | Entered Level 5 of the Dungeon
  1087 | D:5      | Found a stormy altar of Qazlal.
  1109 | D:5      | Found a staircase to the Ecumenical Temple.
  1128 | Temple   | Entered the Ecumenical Temple
  1162 | Temple   | Became a worshipper of the Shining One
  1162 | Temple   | Reached * piety under the Shining One
  1162 | Temple   | Reached ** piety under the Shining One
  1222 | D:5      | Noticed a centaur
  1252 | D:5      | Found a glowing drain.
  1277 | D:5      | Killed a centaur
  1277 | D:5      | Reached XP level 6. HP: 19/51 MP: 6/6
  1342 | D:5      | Reached skill level 1 in Invocations
  1437 | D:5      | Found a bloodstained altar of Trog.
  1585 | D:5      | Noticed an ice beast
  1603 | D:5      | Killed an ice beast
  1603 | D:5      | Reached skill level 8 in Axes
  1603 | D:5      | Reached XP level 7. HP: 16/57 MP: 6/9
  1980 | D:7      | Reached skill level 9 in Axes
  2004 | D:7      | Reached skill level 5 in Fighting
  2004 | D:7      | Reached XP level 8. HP: 35/68 MP: 11/11
  2063 | D:7      | Found a white marble altar of Elyvilon.
  2257 | D:7      | Noticed Menkaure
  2258 | D:7      | Found a flagged portal.
  2264 | D:7      | Killed Menkaure
  2382 | Bailey   | Entered a bailey
  2445 | Bailey   | Slain by a gnoll sergeant

Levels and vault maps discovered:
D:1:      psy_arrival_basics, layout_basic
D:2:      layout_rooms, old_standard_altar, kiku_gazebo_garden_becter,
          first_ration
D:3:      layout_basic, grunt_gozag_statues, uniq_ijyb
D:4:      layout_gridville, kennysheep_little_box,
          nicolae_dithmenos_through_a_glass_darkly
D:5:      layout_basic, bloody_trog, minmay_temple_entry_junction,
          gup_sewer_entry_glass, nicolae_qazlal_general_emergency
D:6:      kennysheep_steamy, layout_cave_pools, guppyfry_shop_venom
D:7:      layout_layer_cave, elyvilon_altar_5, enter_bailey_3, uniq_menkaure
D:8:      layout_cave_pods, zin_academy
Temple:   compressed_dpeg_circular_temple
Bailey:   bailey_polearm_gnolls_kennysheep, bailey

Skill      XL: |  1  2  3  4  5  6  7  8 |
---------------+-------------------------+-----
Axes           | 5 6 7 8 9 |  9.9
Shields        | 1 3 4 |  4.0
Invocations    | 3 4 |  4.1
Fighting       | 5 6 |  6.0
Dodging        | |  2.4
Stealth        | |  1.5

Action                   |  1- 3 |  4- 6 |  7- 9 || total
-------------------------+-------+-------+-------++-------
Melee: Hand axe          |    67 |   156 |    82 ||   305
       Unarmed           |     1 |       |       ||     1
       War axe           |       |       |    31 ||    31
Throw: Dart              |       |     8 |       ||     8
Invok: Divine Shield     |       |     2 |     2 ||     4
Evoke: Wand              |     4 |     2 |     6 ||    12
  Use: Potion            |     2 |     2 |       ||     4
       Scroll            |       |     3 |     7 ||    10
 Stab: Paralysed         |    11 |       |       ||    11
  Eat: Chunk             |       |     1 |       ||     1
       Ration            |       |     1 |     1 ||     2
Armor: Robe              |     5 |       |       ||     5
       Scale mail        |    22 |    51 |    44 ||   117
Dodge: Dodged            |    42 |    54 |    55 ||   151
Block: Buckler           |       |    26 |    32 ||    58
